[Event "Team 45 45 League T77"]
[Site "Internet Chess Club"]
[Date "2018.07.07"]
[Round "3"]
[White "SlimeDog2"]
[Black "bradleyguo175"]
[Result "1-0"]
[WhiteElo "2031"]
[BlackElo "1811"]
[Opening "King's Indian: 5.Be2"]
[ECO "E73"]
[Time "19:17:07"]
[TimeControl "2700+45"]

1. d4 Nf6 2. c4 g6 3. Nc3 Bg7 4. e4 d6 5. Be2 O-O 6. g4 c5 7. g5 Ne8 8. d5 e6 9.
Nf3 exd5 10. Nxd5 Nc7 11. Nc3 Nc6 12. Bf4 Nd4 13. Nxd4 Bxd4 14. h4 f5 15. Qd2
Re8 16. f3 Be5 17. O-O-O Be6 18. h5 Kg7 19. Bd3 Rf8 20. hxg6 hxg6 21. Bxe5+ dxe5
22. exf5 Bxf5 23. Bxf5 Qxd2+ 24. Rxd2 Rxf5 25. Rd7+ Rf7 26. Rh7+ Kxh7 27. Rxf7+
Kg8 28. Rxc7 b6 29. Nd5 {Black resigns} 1-0

[Event "Team 45 45 League T77"]
[Site "Internet Chess Club"]
[Date "2018.07.07"]
[Round "3"]
[White "Beetlejuice"]
[Black "backrankbrawler"]
[Result "1-0"]
[WhiteElo "1729"]
[BlackElo "1726"]
[Opening "Catalan: closed, main line"]
[ECO "E09"]
[Time "06:02:13"]
[TimeControl "2700+45"]

1. d4 Nf6 2. c4 e6 3. g3 d5 4. Nf3 Be7 5. Bg2 O-O 6. O-O c6 7. Qc2 Nbd7 8. Nbd2
b6 9. e4 Bb7 10. cxd5 cxd5 11. e5 Ne8 12. Re1 Rc8 13. Qd3 Nc7 14. Nf1 f6 15. Bd2
fxe5 16. Nxe5 Nxe5 17. Rxe5 Ba6 18. Qb3 Bf6 19. Ree1 Bxd4 20. Be3 Bc4 21. Qa4
Bxb2 22. Rab1 Bc3 23. Rec1 Qf6 24. f4 Ba5 25. Kh1 Na6 26. Nd2 Bd3 27. Bd4 Qg6
28. Rxc8 Rxc8 29. Qd7 Rf8 30. Rb3 Bxd2 31. Rxd3 Be3 32. f5 Rxf5 33. Rxe3 Nc5 34.
Bxc5 bxc5 35. Rxe6 Rf6 36. Re8+ {Black resigns} 1-0

[Event "Team 45 45 League T77"]
[Site "Internet Chess Club"]
[Date "2018.07.05"]
[Round "3"]
[White "justice02"]
[Black "Zugzwanged"]
[Result "0-1"]
[WhiteElo "1652"]
[BlackElo "1736"]
[Opening "Bogo-Indian defense"]
[ECO "E11"]
[Time "22:04:03"]
[TimeControl "2700+45"]

1. Nf3 Nf6 2. d4 e6 3. c4 Bb4+ 4. Bd2 c5 5. Bxb4 cxb4 6. g3 O-O 7. Bg2 d6 8. O-O
Nc6 9. Re1 Re8 10. Nbd2 e5 11. e3 Bg4 12. Qb3 a5 13. d5 Nb8 14. Ng5 Na6 15. Nge4
Nxe4 16. Nxe4 f5 17. Nd2 Nc5 18. Qc2 Rf8 19. Bf3 Qg5 20. h4 Qg6 21. Kg2 e4 22.
Bxg4 Qxg4 23. Qd1 Nd3 24. Qxg4 Nxe1+ 25. Rxe1 fxg4 26. Nxe4 Rad8 27. Ng5 Rc8 28.
Ne6 Rf6 29. b3 b5 30. Ng5 bxc4 31. Rc1 c3 32. Ne4 Rg6 33. Kf1 Re8 34. Ng5 Re5
35. e4 h6 36. Ne6 Rxe4 37. a3 Rgxe6 38. dxe6 Rxe6 39. axb4 axb4 40. Ra1 d5 41.
Ra5 d4 42. Rd5 c2 {White resigns} 0-1

[Event "Team 45 45 League T77"]
[Site "Internet Chess Club"]
[Date "2018.07.05"]
[Round "3"]
[White "Fianchettoed"]
[Black "tightfist"]
[Result "1-0"]
[WhiteElo "1769"]
[BlackElo "1453"]
[Opening "Bogo-Indian defense"]
[ECO "E11"]
[Time "09:06:23"]
[TimeControl "2700+45"]

1. d4 Nf6 2. c4 e6 3. Nf3 Bb4+ 4. Bd2 Bxd2+ 5. Nbxd2 O-O 6. g3 d6 7. Bg2 Nbd7 8.
O-O Rb8 9. Qc2 b6 10. Rfd1 Bb7 11. e4 e5 12. dxe5 Nxe5 13. Nxe5 dxe5 14. Nf1 Qe7
15. Ne3 Rfd8 16. Nd5 Nxd5 17. cxd5 Rbc8 18. Bh3 Rb8 19. Rac1 c6 20. dxc6 Rxd1+
21. Qxd1 Rd8 22. Qxd8+ Qxd8 23. cxb7 {Black resigns} 1-0

[Event "Team 45 45 League T77"]
[Site "Internet Chess Club"]
[Date "2018.07.06"]
[Round "3"]
[White "fishhead"]
[Black "MovingDutchman"]
[Result "0-1"]
[WhiteElo "1653"]
[BlackElo "2147"]
[Opening "Scandinavian defense"]
[ECO "B01"]
[Time "16:20:08"]
[TimeControl "2700+45"]

1. e4 d5 2. exd5 Nf6 3. d4 Bg4 4. Be2 Bxe2 5. Nxe2 Qxd5 6. O-O Nc6 7. Nbc3 Qh5
8. Ng3 Qg6 9. Be3 e6 10. Nce2 Bd6 11. c3 O-O-O 12. Qa4 Kb8 13. b4 Nd5 14. b5
Nce7 15. c4 Nxe3 16. fxe3 h5 17. Nf4 Qh6 18. c5 Bxf4 19. Rxf4 Nd5 20. Rxf7 Qxe3+
21. Kh1 h4 22. Nf1 Qe2 23. Qd1 Qxb5 24. Rxg7 Rdf8 25. h3 Rf2 26. Nh2 Ne3 27. Qg1
Qb2 28. Re1 Re2 29. Rxe2 Qxe2 30. Nf3 Nf5 31. Rg4 Qxa2 32. Qe1 a5 33. Nxh4 Nxh4
34. Rxh4 Rg8 35. Qe4 a4 36. c6 Qa1+ 37. Kh2 Qb2 38. d5 a3 39. dxe6 a2 40. e7 Re8
41. Qg6 Qe5+ {White resigns} 0-1

[Event "Team 45 45 League T77"]
[Site "Internet Chess Club"]
[Date "2018.07.06"]
[Round "3"]
[White "LinceHispano44"]
[Black "Manon"]
[Result "0-1"]
[WhiteElo "1681"]
[BlackElo "1776"]
[Opening "QGD: symmetrical (Austrian) defense"]
[ECO "D06"]
[Time "11:00:58"]
[TimeControl "2700+45"]

1. d4 d5 2. c4 c5 3. cxd5 Nf6 4. Nc3 Nxd5 5. e4 Nxc3 6. bxc3 cxd4 7. cxd4 e5 8.
d5 Bc5 9. Nf3 Qc7 10. Bb5+ Bd7 11. Bxd7+ Nxd7 12. O-O O-O 13. Bb2 Rfe8 14. Rc1
Qb6 15. Ba1 Rac8 16. Qe2 Bd6 17. Nd2 Qa5 18. Nb3 Qa4 19. Rxc8 Rxc8 20. Rc1 Rxc1+
21. Nxc1 a5 22. Nb3 Nf6 23. f4 Bb8 24. fxe5 Ba7+ 25. Kh1 Nxe4 26. g3 Nf2+ 27.
Kg2 Qd7 28. Bd4 Qxd5+ 29. Qf3 Qxf3+ 30. Kxf3 Bxd4 31. Nxd4 Nd1 32. a3 Kf8 33.
Ke4 h5 34. Kd5 Ne3+ 35. Kc5 Ke7 36. Kb6 Nc4+ 37. Kxb7 Nxa3 38. Ka6 Nc4 39. Nf5+
Kd7 40. Nxg7 a4 41. Nf5 a3 42. Nd4 a2 43. Nb3 Nxe5 44. Kb5 Nf3 45. h3 Nd4+ 46.
Kb4 Nxb3 {White resigns} 0-1

[Event "Team 45 45 League T77"]
[Site "Internet Chess Club"]
[Date "2018.07.07"]
[Round "3"]
[White "WillC"]
[Black "Duguesclin"]
[Result "0-1"]
[WhiteElo "1664"]
[BlackElo "1516"]
[Opening "Queen's pawn game"]
[ECO "E00"]
[Time "13:00:22"]
[TimeControl "2700+45"]

1. d4 Nf6 2. c4 e6 3. a3 c5 4. Nf3 d5 5. Bg5 Nbd7 6. e3 cxd4 7. exd4 Be7 8. Nc3
O-O 9. Bd3 dxc4 10. Bxc4 Nb6 11. Bd3 Bd7 12. O-O Bc6 13. Ne5 Qc7 14. Rc1 Rac8
15. Nb5 Qb8 16. Bf4 Bxb5 17. Bxb5 Rxc1 18. Qxc1 Qc8 19. Bd3 Qxc1 20. Rxc1 Rd8
21. Rc7 Nbd5 22. Rxb7 Nxf4 23. Bxh7+ Nxh7 24. Rxe7 Rxd4 25. h3 f6 26. Nc6 Rd1+
27. Kh2 Rd2 28. Kg3 Nd3 29. Rxa7 Ng5 30. b4 Nxf2 31. b5 Nfe4+ 32. Kf4 Rf2+ 33.
Ke3 Rxg2 34. b6 Nd6 35. b7 Nxb7 36. Rxb7 Rg3+ 37. Kf2 Rxa3 38. h4 Ne4+ 39. Kg2
Rg3+ 40. Kh2 Rg4 41. Kh3 Rg3+ 42. Kh2 e5 43. Ne7+ Kh7 44. Nf5 Rg4 45. Kh3 Nf2+
46. Kh2 Rf4 47. Nxg7 Rxh4+ 48. Kg3 Rg4+ 49. Kxf2 Rxg7 50. Rb5 Rg4 51. Kf3 Rf4+
52. Ke3 Kg6 53. Rb6 Kf5 54. Rb5 Rh4 55. Kf3 Rh3+ 56. Ke2 Kf4 57. Rb6 f5 58. Rb4+
e4 59. Rb7 Rh2+ 60. Ke1 e3 61. Kf1 Kf3 62. Kg1 Rd2 63. Rb3 Rd1+ 64. Kh2 f4 65.
Rc3 Kf2 66. Rc2+ Rd2 67. Rc1 e2 68. Rg1 e1=Q 69. Rg2+ Ke3 70. Re2+ Rxe2+ {White
resigns} 0-1

[Event "Team 45 45 League T77"]
[Site "Internet Chess Club"]
[Date "2018.07.07"]
[Round "3"]
[White "janh"]
[Black "texasnurse"]
[Result "0-1"]
[WhiteElo "1918"]
[BlackElo "2122"]
[Opening "Modern defense"]
[ECO "A40"]
[Time "22:01:05"]
[TimeControl "2700+45"]

1. d4 g6 2. Nc3 Bg7 3. Bf4 d6 4. Qd2 Nf6 5. Bh6 O-O 6. h4 Bxh6 7. Qxh6 e5 8. h5
exd4 9. Nb5 c5 10. hxg6 fxg6 11. e3 a6 12. Na3 Qe7 13. Be2 d5 14. Bf3 Bg4 15.
O-O-O Bxf3 16. gxf3 Nc6 17. Nh3 Rae8 18. Nf4 dxe3 19. fxe3 Qxe3+ 20. Kb1 Nh5 21.
Nxh5 Qxh6 22. Nf6+ Rxf6 23. Rxh6 Rxf3 24. b3 Kg7 {White resigns} 0-1

[Event "Team 45 45 League T77"]
[Site "Internet Chess Club"]
[Date "2018.07.07"]
[Round "3"]
[White "MovingDutchman"]
[Black "primerpaso"]
[Result "1-0"]
[WhiteElo "2151"]
[BlackElo "1819"]
[Opening "QGD: classical variation (5.Bf4)"]
[ECO "D37"]
[Time "18:02:32"]
[TimeControl "2700+45"]

1. Nf3 Nf6 2. c4 e6 3. Nc3 d5 4. d4 Be7 5. Bf4 O-O 6. a3 c5 7. dxc5 dxc4 8. e4
Qa5 9. Bxc4 Qxc5 10. Qe2 Rd8 11. O-O Nc6 12. Rfd1 Rxd1+ 13. Rxd1 a6 14. e5 Nd7
15. h4 Nf8 16. h5 h6 17. Ne4 Qa5 18. Qe3 Nh7 19. Bd3 Qc7 20. Nf6+ Nxf6 21. exf6
{Black resigns} 1-0

[Event "Team 45 45 League T77"]
[Site "Internet Chess Club"]
[Date "2018.07.03"]
[Round "3"]
[White "VictorRed"]
[Black "justice02"]
[Result "1-0"]
[WhiteElo "1720"]
[BlackElo "1648"]
[Opening "English: Caro-Kann defensive system"]
[ECO "A11"]
[Time "22:02:20"]
[TimeControl "2700+45"]

1. c4 c6 2. g3 Nf6 3. Bg2 d5 4. cxd5 cxd5 5. Nf3 Nbd7 6. O-O e5 7. d3 Be7 8. b3
O-O 9. Bb2 Bd6 10. Nh4 Re8 11. Nf5 Bf8 12. e4 d4 13. f4 g6 14. fxe5 Nxe5 15. Nh4
Nfg4 16. Bc1 Ne3 17. Bxe3 dxe3 18. Nc3 Bc5 19. Ne2 Nxd3 20. Qc2 Qd6 21. Rad1 Nb4
22. Qb2 Qa6 23. a3 Nd3 24. Qc3 Rd8 25. b4 Be7 26. Nf3 Bg4 27. h3 Rac8 28. Qa1
Bf6 29. Qb1 Bxf3 30. Bxf3 Qxa3 31. Bg4 Rc6 32. b5 Rcd6 33. h4 Nf2 34. Rxd6 Qxd6
35. Bf3 Qe5 36. Qb3 Rd2 37. Qxe3 Rxe2 38. Bxe2 Qxe4 39. Qxe4 Nxe4 40. Kg2 Kg7
41. Bf3 Nd2 42. Rd1 Nxf3 43. Kxf3 a5 44. Rd7 b6 45. Rd6 Bd4 46. Rxd4 {Black
resigns} 1-0

[Event "Team 45 45 League T77"]
[Site "Internet Chess Club"]
[Date "2018.07.04"]
[Round "3"]
[White "ascoli"]
[Black "QuieroAprender"]
[Result "0-1"]
[WhiteElo "1747"]
[BlackElo "1632"]
[Opening "English opening"]
[ECO "A16"]
[Time "14:13:39"]
[TimeControl "2700+45"]

1. c4 Nf6 2. Nc3 g6 3. g3 Bg7 4. Bg2 Nc6 5. Rb1 O-O 6. b4 d6 7. d3 e5 8. b5 Ne7
9. Bg5 Rb8 10. e3 h6 11. Bxf6 Bxf6 12. Nge2 Bg4 13. O-O Qd7 14. Nd5 Nxd5 15.
Bxd5 c6 16. Bh1 d5 17. cxd5 cxd5 18. Qd2 Kg7 19. Nc3 Be6 20. Na4 b6 21. Nc3 Rbc8
22. a4 e4 23. Na2 exd3 24. Qxd3 d4 25. Nb4 Bc4 26. Bc6 Qxc6 27. Nxc6 Bxd3 28.
exd4 Bxb1 29. Rxb1 Rxc6 30. bxc6 Bxd4 31. Rd1 Bc5 32. Rd7 a5 33. Kg2 Rc8 34. c7
Kf6 35. Kf3 Ke6 {White resigns} 0-1

[Event "Team 45 45 League T77"]
[Site "Internet Chess Club"]
[Date "2018.07.07"]
[Round "3"]
[White "Monterrey"]
[Black "SlimeDog2"]
[Result "0-1"]
[WhiteElo "1921"]
[BlackElo "2023"]
[Opening "English: Anglo-Grünfeld, Smyslov defense"]
[ECO "A16"]
[Time "16:13:41"]
[TimeControl "2700+45"]

1. c4 Nf6 2. Nc3 d5 3. cxd5 Nxd5 4. g3 g6 5. Bg2 Nxc3 6. bxc3 Bg7 7. Rb1 c6 8.
Nf3 O-O 9. O-O Qa5 10. Qc2 Nd7 11. c4 e5 12. d3 Re8 13. Bd2 Qc7 14. Rfc1 Nc5 15.
Bb4 Ne6 16. e3 c5 17. Bc3 Bd7 18. Qb2 Nd8 19. Ng5 h6 20. Ne4 Bc6 21. Qa3 Ne6 22.
Ba1 Rad8 23. Rd1 f5 24. Nc3 Bxg2 25. Kxg2 Qc6+ 26. e4 Rf8 27. Qxa7 fxe4 28. Nxe4
Rxd3 29. Re1 Rd2 30. Kg1 Ng5 31. Nxg5 Rfxf2 32. Ne4 Rg2+ 33. Kh1 Rxh2+ 34. Kg1
Rdg2+ 35. Kf1 Rxa2 36. Qb8+ Kh7 37. Kg1 Rag2+ 38. Kf1 Qe6 {White resigns} 0-1

[Event "Team 45 45 League T77"]
[Site "Internet Chess Club"]
[Date "2018.07.08"]
[Round "3"]
[White "ArturitoGalacti"]
[Black "achessman"]
[Result "0-1"]
[WhiteElo "1878"]
[BlackElo "1892"]
[Opening "Caro-Kann: Panov-Botvinnik attack, 5...g6"]
[ECO "B14"]
[Time "22:42:53"]
[TimeControl "2700+45"]

1. c4 c6 2. e4 d5 3. exd5 cxd5 4. d4 Nf6 5. Nc3 g6 6. cxd5 Nxd5 7. Bc4 Nxc3 8.
bxc3 Bg7 9. Nf3 O-O 10. h3 Nc6 11. O-O Qc7 12. Qe2 Na5 13. Bd3 Be6 14. Ng5 Bd5
15. Ne4 Bxe4 16. Bxe4 Qxc3 17. Bd2 Qa3 18. Qb5 Nc6 19. Qxb7 Nxd4 20. Qb4 Qxb4
21. Bxb4 Rab8 22. Rab1 Bf6 23. Bc5 a5 24. Bd3 Rfc8 25. Rxb8 Rxb8 26. Rb1 Rxb1+
27. Bxb1 Ne2+ 28. Kf1 Nc3 29. Bc2 Nxa2 30. Ke2 Nb4 31. Bb3 Bc3 32. Bxe7 Nc6 33.
Bc5 Kg7 34. Kd3 Bb4 35. Bd4+ Kf8 36. Ba4 Nd8 37. g4 Ne6 38. h4 Be7 39. h5 gxh5
40. gxh5 Nf4+ 41. Kc4 Nxh5 42. Kb5 Bb4 43. Bc2 Kg8 44. Be5 f6 45. Bh2 Kg7 46.
Kc6 h6 47. Kb5 Kf7 48. Bc7 Ke6 49. Kc6 Bd2 50. Bb3+ Kf5 51. Bc2+ Kg5 52. Kd5 Ng7
53. f4+ Bxf4 54. Bxa5 f5 55. Bd8+ Kg6 56. Bh4 Bg5 57. Bf2 Bf6 58. Bd3 Kg5 59.
Be2 Bb2 60. Bc5 Kf4 61. Bf8 Ke3 62. Bxg7 Bxg7 63. Bh5 f4 64. Ke6 f3 65. Bg4 f2
66. Bh3 Ke2 67. Kf5 f1=Q+ 68. Bxf1+ Kxf1 69. Kf4 Kf2 70. Kg4 Kg2 71. Kh4 Bf6+
72. Kh5 Bg5 73. Kg4 Kh2 74. Kf3 h5 75. Kf2 Bd8 76. Kf3 Bb6 77. Kf4 h4 78. Kf3 h3
79. Kg4 Kg2 {White resigns} 0-1

[Event "Team 45 45 League T77"]
[Site "Internet Chess Club"]
[Date "2018.07.06"]
[Round "3"]
[White "laurenpar"]
[Black "cysk"]
[Result "1/2-1/2"]
[WhiteElo "1867"]
[BlackElo "1778"]
[Opening "Dutch, 2.Bg5 variation"]
[ECO "A80"]
[Time "22:12:39"]
[TimeControl "2700+45"]

1. d4 f5 2. Bg5 Nf6 3. Bxf6 exf6 4. e3 c6 5. Bd3 d5 6. Ne2 Qb6 7. Qc1 Bd6 8. Nd2
O-O 9. c4 dxc4 10. Nxc4 Qb4+ 11. Qc3 Qxc3+ 12. bxc3 Bc7 13. a4 Be6 14. f3 Nd7
15. g3 b5 16. axb5 cxb5 17. Nd2 a6 18. c4 Nb6 19. cxb5 axb5 20. Kf2 b4 21. Rhc1
Rxa1 22. Rxa1 Ra8 23. Rxa8+ Nxa8 24. Nc1 Nb6 25. Ncb3 Bd6 26. e4 fxe4 27. fxe4
Kf8 28. Ke3 Ke7 29. Bb5 g5 30. Kd3 h5 31. Nc4 Nxc4 32. Bxc4 Bg4 33. Bd5 h4 34.
Nc5 hxg3 35. hxg3 Bxg3 36. Kc4 Be1 37. e5 fxe5 38. dxe5 Be2+ 39. Kb3 g4 {Game
drawn by mutual agreement} 1/2-1/2

[Event "Team 45 45 League T77"]
[Site "Internet Chess Club"]
[Date "2018.07.06"]
[Round "3"]
[White "Portola"]
[Black "bobhill"]
[Result "1-0"]
[WhiteElo "1725"]
[BlackElo "1837"]
[Opening "Queen's pawn game"]
[ECO "D00"]
[Time "19:05:25"]
[TimeControl "2700+45"]

1. d4 d5 2. c3 Nf6 3. Nf3 g6 4. Bg5 Bg7 5. Nbd2 O-O 6. e3 c5 7. Bd3 c4 8. Bc2
Nc6 9. O-O b5 10. e4 Be6 11. e5 Nd7 12. Qe2 Re8 13. Bh4 f6 14. Bg3 fxe5 15. Ng5
Bf5 16. Bxf5 gxf5 17. Qh5 Nf8 18. Qf7+ Kh8 19. Qxf5 Qb6 20. Nf7+ Kg8 21. Nxe5
Kh8 22. Ndf3 e6 23. Qh5 Ne7 24. Nf7+ Kg8 25. Nh6+ Bxh6 26. Qxh6 Neg6 27. Ne5 Qb7
28. f4 a5 29. f5 exf5 30. Rxf5 Qg7 31. Qh5 Ra7 32. Raf1 b4 33. Rf7 Rxf7 34. Rxf7
Qh8 35. Qf3 Ne7 36. Ng4 h5 37. Be5 hxg4 38. Qxg4+ Kxf7 39. Bxh8 Neg6 40. Qf5+
Kg8 41. Be5 bxc3 42. bxc3 Re6 43. g3 a4 44. h4 Rb6 45. h5 Ne7 46. Qg5+ Kf7 47.
Qg7+ Ke8 48. Bf6 Nf5 49. Qg5 Rb1+ 50. Kh2 Rb2+ 51. Kh3 Rf2 52. Be5 Ne7 53. Bd6
Nf5 54. Bxf8 Kxf8 55. Qf6+ Kg8 56. Qe6+ Kh7 57. Qxd5 Kh6 58. Qf7 {Black resigns}
1-0

[Event "Team 45 45 League T77"]
[Site "Internet Chess Club"]
[Date "2018.07.08"]
[Round "3"]
[White "Ajolote"]
[Black "ascoli"]
[Result "0-1"]
[WhiteElo "1744"]
[BlackElo "1764"]
[Opening "French: Chigorin variation"]
[ECO "C00"]
[Time "12:01:32"]
[TimeControl "2700+45"]

1. e4 e6 2. Qe2 c5 3. Nf3 Nc6 4. g3 g6 5. Bg2 Bg7 6. O-O Nge7 7. d3 O-O 8. c3 d5
9. e5 Qc7 10. d4 b5 11. Bf4 c4 12. Na3 Rb8 13. Rfc1 a5 14. b3 b4 15. Nb1 Ba6 16.
Qd1 Qb6 17. Be3 Nf5 18. g4 Nxe3 19. fxe3 Rfc8 20. Nbd2 bxc3 21. Rxc3 Qb4 22.
Rac1 Na7 23. bxc4 Rxc4 24. Nxc4 Bxc4 25. a3 Qb2 26. Nd2 Nb5 27. Nxc4 dxc4 28.
R1c2 Nxc3 29. Rxb2 Rxb2 30. Qf3 Ne2+ 31. Kf1 c3 32. Qa8+ Bf8 33. Be4 c2 34. Bxc2
Rxc2 35. Qe4 Ra2 36. Qa8 Nc3 37. Qxa5 Rxa3 38. Qd8 Nd5 39. e4 Ne3+ 40. Ke2 Nxg4
41. Qh4 Re3+ 42. Kd2 Bb4+ 43. Kc2 Rxe4 44. Kd3 Rf4 45. Qg5 Nf2+ 46. Kc4 Rf5 47.
Qg3 Be7 48. Kb5 h5 49. Kc6 Kg7 50. Kd7 Bg5 51. h4 Bh6 52. Ke7 Ne4 53. Qa3 Nd2
54. Ke8 Nf3 55. Qd6 Nxh4 56. d5 exd5 57. e6 fxe6 58. Qe7+ Kh8 59. Qxh4 e5 60.
Qg3 Kh7 61. Qc3 e4 62. Qc7+ Bg7 63. Qg3 e3 64. Qxe3 Re5+ 65. Kf7 Rf5+ 66. Ke6 d4
67. Qd3 h4 68. Qh3 Bf6 69. Kf7 Kh6 70. Kg8 Be7 {White resigns} 0-1

[Event "Team 45 45 League T77"]
[Site "Internet Chess Club"]
[Date "2018.07.07"]
[Round "3"]
[White "JPSVI"]
[Black "pita"]
[Result "0-1"]
[WhiteElo "1306"]
[BlackElo "1353"]
[Opening "Réti opening"]
[ECO "A04"]
[Time "19:02:04"]
[TimeControl "2700+45"]

1. Nf3 c5 2. g3 g6 3. Bg2 Bg7 4. O-O Nc6 5. d3 Nf6 6. e4 d6 7. Nbd2 O-O 8. c3
Bd7 9. a4 e6 10. Nc4 Qc7 11. Bf4 e5 12. Bg5 Be6 13. Ne3 Ne7 14. Nd2 h6 15. Bxf6
Bxf6 16. Qf3 Bg7 17. Ndc4 Qd7 18. Rfe1 Rfd8 19. a5 Qc8 20. Qe2 Qc6 21. Qf1 Qd7
22. f4 exf4 23. Qxf4 Nc6 24. Nd5 Ne5 25. Nxe5 dxe5 26. Qd2 Qd6 27. c4 Rd7 28. b4
Bxd5 29. cxd5 cxb4 30. Rab1 Qc5+ 31. Kh1 Qxa5 32. Qxb4 Qxb4 33. Rxb4 Bf8 34. Rc4
b5 35. Rc6 a5 36. Rec1 Rda7 37. Bh3 a4 38. d6 a3 39. Bc8 Ra4 40. Bb7 Rd8 41. Rc8
Rxc8 42. Bxc8 a2 43. Ra1 b4 44. Bd7 b3 45. Bxa4 b2 46. Rg1 b1=Q 47. d7 Be7
{White resigns} 0-1

[Event "Team 45 45 League T77"]
[Site "Internet Chess Club"]
[Date "2018.07.08"]
[Round "3"]
[White "IndianTaker"]
[Black "a-man"]
[Result "0-1"]
[WhiteElo "1704"]
[BlackElo "1708"]
[Opening "Sicilian: accelerated fianchetto, Gurgenidze variation"]
[ECO "B36"]
[Time "12:00:26"]
[TimeControl "2700+45"]

1. e4 c5 2. Nf3 Nc6 3. d4 cxd4 4. Nxd4 g6 5. c4 Nf6 6. Nc3 Nxd4 7. Qxd4 d6 8.
Be2 Bg7 9. Be3 O-O 10. Qd2 Be6 11. O-O Qa5 12. Rab1 Rfc8 13. b3 a6 14. f3 b5 15.
Nd5 Qxd2 16. Bxd2 Bxd5 17. exd5 Nd7 18. Rfe1 Bd4+ 19. Kf1 Ne5 20. f4 Nd7 21.
cxb5 Rc2 22. Rbd1 axb5 23. Bxb5 Raxa2 24. Bxd7 Rxd2 25. Rxd2 Rxd2 26. Re2 Rd1+
27. Re1 Rd2 28. Re2 Rd3 29. Ba4 Bf6 30. b4 Rd4 31. Rf2 Rxd5 32. Bc6 Rd4 33. b5
Rb4 34. Rf3 Bd4 35. Rd3 Bc5 36. h3 Rxf4+ 37. Ke2 Rf2+ 38. Ke1 Rb2 39. Kd1 e5 40.
Kc1 Rb4 41. Kc2 f5 42. Rd1 Kg7 43. Ra1 Kf6 44. Rf1 e4 45. Kc3 Ke5 46. Rd1 e3 47.
Kd3 Rd4+ 48. Ke2 Rxd1 49. Kxd1 d5 50. Ke2 g5 51. Be8 g4 52. hxg4 fxg4 53. Bh5
Kf4 54. Bf7 d4 55. Bc4 h5 56. Bd3 Kg3 57. Kf1 h4 58. Be4 h3 59. gxh3 gxh3 60.
Ke2 h2 61. Bh1 d3+ 62. Kxd3 Kf2 {White resigns} 0-1

[Event "Team 45 45 League T77"]
[Site "Internet Chess Club"]
[Date "2018.07.06"]
[Round "3"]
[White "President"]
[Black "misuc56"]
[Result "1-0"]
[WhiteElo "1560"]
[BlackElo "1543"]
[Opening "Nimzovich-Larsen attack: classical variation"]
[ECO "A01"]
[Time "04:00:14"]
[TimeControl "2700+45"]

1. b3 d5 2. Bb2 e6 3. e3 f5 4. Nf3 Nf6 5. d3 c6 6. Nbd2 Bd6 7. Qe2 O-O 8. O-O-O
Nbd7 9. h3 a5 10. a4 b5 11. Ng5 Qe7 12. e4 bxa4 13. e5 Bxe5 14. Bxe5 Nxe5 15.
Qxe5 axb3 16. Nxb3 a4 17. Nd4 Qa3+ 18. Kd2 Qb4+ 19. c3 Qb2+ 20. Nc2 h6 21. Nf3
Re8 22. Be2 Nd7 23. Qd6 Qb7 24. Rb1 Qa7 25. Ra1 e5 26. d4 e4 27. Nh4 Nf6 28.
Qxc6 Bd7 29. Qc5 Qb8 30. Ng6 Kh7 31. Ne5 Rxe5 32. dxe5 Qxe5 33. Qd4 Qf4+ 34. Qe3
Qd6 35. g3 g5 36. Qd4 f4 37. gxf4 Qxf4+ 38. Qe3 Qd6 39. Nd4 Rb8 40. h4 g4 41.
Rhb1 Rc8 42. Bb5 Bxb5 43. Rxb5 Rc7 44. Nf5 Qf8 45. Rxa4 g3 46. Nxg3 Ng4 47. Qb6
Rf7 48. Ra7 Ne5 49. Rxf7+ Nxf7 50. Qf6 e3+ 51. fxe3 Kg8 52. Rxd5 Qb8 53. Nf5
Qb2+ 54. Ke1 Qg2 55. Nxh6+ Kh7 56. Qxf7+ Kxh6 57. Rh5# {Black checkmated} 1-0

[Event "Team 45 45 League T77"]
[Site "Internet Chess Club"]
[Date "2018.07.17"]
[Round "3"]
[White "mambo99"]
[Black "Portola"]
[Result "0-1"]
[WhiteElo "1505"]
[BlackElo "1764"]
[Opening "French: Tarrasch"]
[ECO "C03"]
[Time "09:01:27"]
[TimeControl "2700+45"]

1. e4 e6 2. d4 d5 3. Nd2 dxe4 4. Nxe4 Be7 5. Nf3 Nd7 6. Bd3 Ngf6 7. O-O O-O 8.
Re1 b6 9. b3 Bb7 10. Bb2 c5 11. dxc5 Nxc5 12. Nxc5 bxc5 13. Rb1 Qb6 14. Qe2 Rad8
15. Rbd1 h6 16. Nd2 Qc6 17. f3 Qc8 18. Ne4 Nd5 19. c4 Nf4 20. Qc2 Nxd3 21. Rxd3
Bxe4 22. fxe4 Rxd3 23. Qxd3 Qc7 24. Qe2 Qa5 25. Bc1 Rd8 26. Be3 Bf6 27. Qf2 Bd4
28. Bxd4 Rxd4 29. Kf1 Rd2 30. Re2 Rd1+ 31. Re1 Rxe1+ 32. Qxe1 Qxa2 33. Qd1 Qa5
34. Qd3 Qa1+ 35. Kf2 Qb2+ 36. Kf3 Qf6+ 37. Ke2 Qg5 38. Kf3 Qh5+ 39. Kg3 Qe5+ 40.
Kh3 Qg5 41. g3 h5 42. Kg2 h4 43. Qd7 hxg3 44. hxg3 Qg6 45. Qxa7 Qxe4+ 46. Kh3
Qh1+ 47. Kg4 f5+ 48. Kf4 Qe4+ 49. Kg5 Qg4# {White checkmated} 0-1

[Event "Team 45 45 League T77"]
[Site "Internet Chess Club"]
[Date "2018.07.08"]
[Round "3"]
[White "g8wrb"]
[Black "mongmong"]
[Result "1-0"]
[WhiteElo "1365"]
[BlackElo "1480"]
[Opening "French: Tarrasch"]
[ECO "C03"]
[Time "12:33:39"]
[TimeControl "2700+45"]

1. e4 e6 2. d4 d5 3. Nd2 h6 4. Bd3 c5 5. exd5 Qxd5 6. Ngf3 cxd4 7. Nb3 Nc6 8.
O-O a6 9. Nbxd4 Nxd4 10. Nxd4 Nf6 11. c3 Be7 12. Re1 b5 13. Bf4 Bb7 14. Nf3 Bd6
15. Bxd6 Qxd6 16. Bxb5+ Ke7 17. Qxd6+ Kxd6 18. Rad1+ Ke7 19. Be2 Rhd8 20. Ne5
Nd7 21. Nxd7 Rxd7 22. Rxd7+ Kxd7 23. b3 a5 24. Rd1+ Ke7 25. Bb5 Rd8 26. Rxd8
Kxd8 27. f3 Kc7 28. Kf2 Kd6 29. Ke3 e5 30. g3 f5 31. a3 Bd5 32. c4 Bb7 33. b4
axb4 34. axb4 g5 35. h3 f4+ 36. gxf4 exf4+ 37. Ke2 Ke5 38. Be8 Bc8 39. b5 Bxh3
40. b6 Kd6 41. c5+ {Black resigns} 1-0

[Event "Team 45 45 League T77"]
[Site "Internet Chess Club"]
[Date "2018.07.06"]
[Round "3"]
[White "andrew37"]
[Black "AboardBuffalo"]
[Result "0-1"]
[WhiteElo "1643"]
[BlackElo "1504"]
[Opening "Grünfeld: 5.Bg5"]
[ECO "D91"]
[Time "17:31:04"]
[TimeControl "2700+45"]

1. d4 Nf6 2. c4 g6 3. Nf3 Bg7 4. Nc3 d5 5. Bg5 Ne4 6. Nxd5 Nxg5 7. Nxg5 e6 8.
Nxc7+ Qxc7 9. Nf3 O-O 10. e3 Rd8 11. Bd3 Nc6 12. a3 b6 13. O-O Bb7 14. Rc1 Qd7
15. Qe2 Rac8 16. b4 a6 17. Rfd1 Qe7 18. Nd2 f5 19. Bb1 Qg5 20. Nf3 Qe7 21. d5
exd5 22. cxd5 Ne5 23. Rxc8 Bxc8 24. Nd4 Bb7 25. Ne6 Rxd5 26. Nxg7 Kxg7 27. Rc1
Qd7 28. h3 Rd2 29. Qf1 b5 30. Kh2 Nc4 31. a4 Qd6+ 32. Kg1 Qxb4 33. axb5 axb5 34.
Bd3 Bd5 35. Ra1 Nxe3 36. fxe3 Rxg2+ 37. Qxg2 Bxg2 38. Ra7+ Kh6 39. Kxg2 Qd2+ 40.
Kf3 Qxd3 41. h4 Qe4+ 42. Ke2 b4 43. h5 gxh5 44. Kf2 b3 45. Kf1 Qxe3 46. Ra6+ Kg5
47. Ra4 b2 48. Kg2 {White resigns} 0-1

[Event "Team 45 45 League T77"]
[Site "Internet Chess Club"]
[Date "2018.07.08"]
[Round "3"]
[White "ChessPlayer2005"]
[Black "kabindra"]
[Result "1-0"]
[WhiteElo "1533"]
[BlackElo "1674"]
[Opening "QP counter-gambit (elephant gambit)"]
[ECO "C40"]
[Time "18:00:46"]
[TimeControl "2700+45"]

1. e4 e5 2. Nf3 d5 3. exd5 e4 4. Qe2 Nf6 5. d3 Bb4+ 6. Bd2 O-O 7. dxe4 Re8 8. c3
Nxe4 9. Be3 Bc5 10. Qc4 Bxe3 11. fxe3 b6 12. Bd3 Ba6 13. Qd4 c5 14. dxc6 Qxd4
15. cxd4 Bxd3 16. d5 Bc4 17. b4 a5 18. Na3 b5 19. Nxc4 bxc4 20. b5 Nc3 21. d6
Nxb5 22. d7 Rxe3+ 23. Kf2 Rd3 24. Rab1 Nc3 25. Rxb8+ Rxb8 26. c7 Rb2+ 27. Kg3
Ne2+ 28. Kh4 g5+ 29. Kg4 h5+ 30. Kxh5 Nf4+ 31. Kg4 Rxg2+ 32. Kf5 Rxf3 33. d8=Q+
Kh7 34. Ke4 Rff2 35. c8=Q Ng6 36. Qg8+ Kh6 37. Qh3+ Nh4 38. Rb1 {Black resigns}
1-0